 Dungeon Crawl Stone Soup version 0.21-a0-404-g291f19a (webtiles) character file.

3379 drevant the Summoner (level 10, 0/72 (73) HPs)
             Began as a Gnoll Summoner on Oct 30, 2017.
             Was a Believer of Sif Muna.
             Slain by a yak (14 damage)
             ... on level 10 of the Dungeon.
             The game lasted 00:27:29 (9168 turns).

drevant the Summoner (Gnoll Summoner)               Turns: 9168, Time: 00:27:30

HP:   0/72 (73)     AC:  2    Str: 15    XL:     10   Next: 3%
MP:   34/35         EV: 16    Int: 20    God:    Sif Muna [**....]
Gold: 176           SH:  0    Dex: 15    Spells: 13/23 levels left

rFire    . . .     SeeInvis .   a - staff of power
rCold    + . .     Gourm    .   (no shield)
rNeg     . . .     Faith    .   D - +0 robe
rPois    .         Spirit   .   (no helmet)
rElec    .         Reflect  .   (no cloak)
rCorr    .         Harm     .   (no gloves)
MR       .....                  (no boots)
Stlth    +++.......             f - amulet of magic regeneration
HPRegen  0.22/turn              u - +3 ring of intelligence
MPRegen  0.49/turn              I - ring of protection from cold

@: lethally poisoned (0 -> -2), hasted, very quick
A: distributed training, fangs 1, strong nose
a: Divine Energy, Renounce Religion


You were on level 10 of the Dungeon.
You worshipped Sif Muna.
Sif Muna was pleased with you.
You were not hungry.

You visited 1 branch of the dungeon, and saw 10 of its levels.
You also visited: Labyrinth and Sewer.

You collected 410 gold pieces.
You spent 234 gold pieces at shops.

Inventory:

Hand Weapons
 b - a +1 spear of freezing
 v - a +1 hunting sling of flaming
Missiles
 K - a throwing net (quivered)
Armour
 g - a +0 ring mail
 i - a +0 leather armour
 t - a +0 troll leather armour {Purgy}
 D - a +0 robe (worn)
 J - the +2 ring mail "Jikig" {+Blink}
   (You found it on level 6 of the Dungeon)

   It lets you blink.
 T - a +2 buckler of fire resistance
Magical Staves
 a - an uncursed staff of power (weapon)
Jewellery
 f - an amulet of magic regeneration (around neck)
 j - an uncursed ring of magical power {unknown}
 u - a +3 ring of intelligence (left hand)
 I - a ring of protection from cold (right hand)
 R - an uncursed ring of flight {unknown}
Wands
 x - a wand of random effects (29/48)
 A - a wand of polymorph (9/24)
 L - a wand of lightning (7/15)
 P - a wand of clouds (7/9)
 Q - a wand of enslavement (20/24)
Scrolls
 d - a scroll of recharging
 e - 3 scrolls of identify
 k - 6 scrolls of magic mapping
 l - 8 scrolls of teleportation
 w - 2 scrolls of blinking {unknown}
 y - 2 scrolls of fear
 C - a scroll of fog
 F - a scroll of enchant weapon
 G - 2 scrolls of random uselessness
 H - 2 scrolls of enchant armour {unknown}
 M - 2 scrolls of remove curse
Potions
 m - a potion of berserk rage
 o - a potion of brilliance
 p - a potion of haste
 r - 3 potions of degeneration
 s - 2 potions of invisibility
 z - a potion of might
 N - a potion of cancellation
Books
 E - a book of Callings

   Spells                             Type                      Level
   a - Summon Small Mammal            Summoning                    1
   b - Call Imp                       Summoning                    2
   c - Call Canine Familiar           Summoning                    3
   d - Summon Guardian Golem          Hexes/Summoning              3
   e - Summon Lightning Spire         Summoning/Air                4
   f - Summon Ice Beast               Ice/Summoning                4
 O - the Volume of Changing
   (You found it in a labyrinth)

   Spells                             Type                      Level
   a - Spider Form                    Transmutation/Poison         3
   b - Hydra Form                     Transmutation                6
Comestibles
 c - 7 bread rations
 h - 6 fruits
 q - 2 meat rations
 B - a royal jelly


   Skills:
 + Level 4.7 Fighting
 + Level 4.7 Short Blades
 + Level 4.7 Long Blades
 + Level 4.7 Axes
 + Level 4.7 Maces & Flails
 + Level 4.7 Polearms
 + Level 4.7 Staves
 + Level 4.7 Slings
 + Level 4.7 Bows
 + Level 4.7 Crossbows
 + Level 4.7 Throwing
 + Level 4.7 Armour
 + Level 6.7 Dodging
 + Level 6.4 Stealth
 + Level 4.7 Shields
 + Level 4.7 Unarmed Combat
 + Level 7.0 Spellcasting
 + Level 3.9 Conjurations
 + Level 3.9 Hexes
 + Level 3.9 Charms
 + Level 8.2 Summonings
 + Level 3.9 Necromancy
 + Level 3.9 Translocations
 + Level 3.9 Transmutations
 + Level 3.9 Fire Magic
 + Level 3.9 Ice Magic
 + Level 3.9 Air Magic
 + Level 3.9 Earth Magic
 + Level 3.9 Poison Magic
 + Level 5.2 Invocations
 + Level 4.7 Evocations


You had 13 spell levels left.
You knew the following spells:

 Your Spells              Type           Power        Failure   Level  Hunger
a - Summon Small Mammal   Summ           ####         1%          1    None
b - Call Imp              Summ           #####...     1%          2    None
c - Call Canine Familiar  Summ           #####...     1%          3    #......
d - Summon Ice Beast      Ice/Summ       ####....     8%          4    ###....


Dungeon Overview and Level Annotations

Branches:
Dungeon (11/15)            Temple (0/1) D:7
   Lair: D:8-11         Orc: D:9-12

Altars:
Cheibriados
Dithmenos
Nemelex Xobeh
Sif Muna
Uskayaw

Shops:
D:5 ?


Innate Abilities, Weirdness & Mutations

Your experience applies equally to all skills.
You have very sharp teeth.
Your uncanny sense of smell can sniff out nearby items.


Message History

You feel sick.
Your hound bites the yak.
The yak gores your hound.
Your hound bites the yak.
The yak gores you!
* * * LOW HITPOINT WARNING * * *
The troll shouts!
Found an escape hatch in the ceiling.
A killer bee and a howler monkey come into view.
You feel sick. The yak gores your hound!
Your hound dies!
Your hound's corpse disappears in a puff of smoke!
There is a stone staircase leading up here.
Your ice beast barely misses the yak.
The yak gores your ice beast! The scorpion closely misses you.
You climb upwards.
You feel sick.
Found a potion of brilliance and 14 gold pieces.
There is a stone staircase leading down here.
You feel yourself speed up. The yak misses you. The scorpion barely misses you.
You feel sick. The yak gores you!
You die...

###########
.$.#......##
...........#
.!.........#
.........+
#.....#
#..s..#
#..Y..#
#...@.#
#.....#
#.....+
+.....#
#..##+# ###
∆


You could see a yak and a scorpion.

Vanquished Creatures
  A porcupine (D:8)
  Purgy (Sewer)
  An ice beast (D:7)
  A necrophage (D:7)
  2 ogres
  A centaur (D:5)
  2 bullfrogs
  2 scorpions
  A howler monkey (D:6)
  A crimson imp (D:6)
  2 hounds
  4 orc wizards
  A bullfrog zombie (D:6)
  2 centaur skeletons
  An orc priest (D:5)
  3 worker ants (D:4)
  A worker ant zombie (D:8)
  2 gnolls
  7 adders
  3 oozes
  3 adder skeletons
  A worm (D:2)
  2 dart slugs
  7 leopard geckos
  9 orcs
  3 bats
  7 giant cockroaches
  2 goblins
  2 hobgoblins
  3 jackals
  10 kobolds
  A quokka (D:5)
  4 frilled lizards
  A giant cockroach zombie (D:4)
  2 jackal skeletons
  A leopard gecko zombie (D:6)
  5 rats
102 creatures vanquished.

Vanquished Creatures (collateral kills)
  A minotaur (Lab)
  2 two-headed ogres (D:8)
  Grinder (D:5)
  A hippogriff (D:11)
  Sigmund (D:2)
  A redback (Lab)
  2 basilisks (Lab)
  A porcupine (D:8)
  2 ice beasts (D:6)
  An ogre (D:4)
  A big kobold (D:6)
  Blork the orc (D:6)
  2 scorpions
  A wight (D:6)
  3 howler monkeys
  6 orc wizards
  A gnoll shaman (D:6)
  3 orc priests
  An iguana (D:6)
  3 worker ants
  A killer bee zombie (D:7)
  A worker ant zombie (D:6)
  6 gnolls
  4 adders
  An adder skeleton (D:7)
  A leopard gecko (D:1)
  8 orcs
  2 giant cockroaches (D:4)
  3 goblins (D:2)
  A hobgoblin (D:2)
  4 jackals
  A bat (D:2)
  5 kobolds
  2 rats
75 creatures vanquished.

Vanquished Creatures (others)
  An orc wizard (D:5)
1 creature vanquished.

Grand Total: 178 creatures vanquished

Notes
Turn   | Place    | Note
-------+----------+-------------------------------------------
     0 | D:1      | drevant the Gnoll Summoner began the quest for the Orb.
     0 | D:1      | Reached XP level 1. HP: 13/13 MP: 6/6
   245 | D:1      | Reached XP level 2. HP: 8/19 MP: 3/7
   280 | D:1      | Learned a level 2 spell: Call Imp
  1232 | D:2      | Noticed Sigmund
  1286 | D:2      | Killed Sigmund
  1286 | D:2      | Reached skill level 1 in Fighting
  1286 | D:2      | Reached skill level 1 in Short Blades
  1286 | D:2      | Reached skill level 1 in Long Blades
  1286 | D:2      | Reached skill level 1 in Axes
  1286 | D:2      | Reached skill level 1 in Maces & Flails
  1286 | D:2      | Reached skill level 1 in Polearms
  1286 | D:2      | Reached skill level 1 in Staves
  1286 | D:2      | Reached skill level 1 in Slings
  1286 | D:2      | Reached skill level 1 in Bows
  1286 | D:2      | Reached skill level 1 in Crossbows
  1286 | D:2      | Reached skill level 1 in Throwing
  1286 | D:2      | Reached skill level 1 in Armour
  1286 | D:2      | Reached skill level 1 in Shields
  1286 | D:2      | Reached skill level 1 in Unarmed Combat
  1286 | D:2      | Reached skill level 5 in Spellcasting
  1286 | D:2      | Reached skill level 1 in Conjurations
  1286 | D:2      | Reached skill level 1 in Hexes
  1286 | D:2      | Reached skill level 1 in Charms
  1286 | D:2      | Reached skill level 1 in Necromancy
  1286 | D:2      | Reached skill level 1 in Translocations
  1286 | D:2      | Reached skill level 1 in Transmutations
  1286 | D:2      | Reached skill level 1 in Fire Magic
  1286 | D:2      | Reached skill level 1 in Ice Magic
  1286 | D:2      | Reached skill level 1 in Air Magic
  1286 | D:2      | Reached skill level 1 in Earth Magic
  1286 | D:2      | Reached skill level 1 in Poison Magic
  1286 | D:2      | Reached skill level 1 in Invocations
  1286 | D:2      | Reached skill level 1 in Evocations
  1286 | D:2      | Reached XP level 3. HP: 25/26 MP: 2/9
  1286 | D:2      | Reached XP level 4. HP: 31/32 MP: 2/11
  2090 | D:3      | Reached XP level 5. HP: 35/37 MP: 8/12
  2165 | D:3      | Learned a level 3 spell: Call Canine Familiar
  2916 | D:3      | Reached XP level 6. HP: 25/44 MP: 9/13
  3136 | D:4      | Reached skill level 5 in Dodging
  3569 | D:4      | Reached XP level 7. HP: 50/50 MP: 4/15
  3980 | D:5      | Entered Level 5 of the Dungeon
  4050 | D:5      | Found a glowing drain.
  4137 | Sewer    | Entered a sewer
  4582 | Sewer    | Noticed Purgy
  4607 | Sewer    | Killed Purgy
  4607 | Sewer    | Reached skill level 5 in Stealth
  4691 | D:5      | Found a deep blue altar of Sif Muna.
  4747 | D:5      | Became a worshipper of Sif Muna the Loreminder
  5013 | D:5      | Reached XP level 8. HP: 36/57 MP: 16/16
  5145 | D:5      | Found Sewaosant's Magic Scroll Shop.
  5145 | D:5      | Noticed Grinder
  5160 | D:5      | Killed Grinder
  5186 | D:5      | Bought a scroll of fear for 42 gold pieces
  5186 | D:5      | Bought a scroll of identify for 24 gold pieces
  5186 | D:5      | Bought a scroll of identify for 24 gold pieces
  5186 | D:5      | Bought a scroll of identify for 24 gold pieces
  5186 | D:5      | Bought a scroll of identify for 24 gold pieces
  5186 | D:5      | Bought a scroll of identify for 24 gold pieces
  5441 | D:6      | Noticed Blork the orc
  5450 | D:6      | Killed Blork the orc
  5697 | D:6      | Found a snail-covered altar of Cheibriados.
  6151 | D:6      | Reached * piety under Sif Muna
  6389 | D:6      | Got a pitted ring mail
  6411 | D:6      | Identified the +2 ring mail "Jikig" {+Blink} (You found it on level 6 of the Dungeon)
  6486 | D:7      | Found a hide-covered altar of Uskayaw.
  6538 | D:7      | Reached XP level 9. HP: 61/65 MP: 18/18
  6850 | D:7      | Found a staircase to the Ecumenical Temple.
  7324 | D:5      | Bought a scroll of remove curse for 36 gold pieces
  7324 | D:5      | Bought a scroll of remove curse for 36 gold pieces
  7555 | D:6      | Found a sparkling altar of Nemelex Xobeh.
  7733 | D:8      | Found a shadowy altar of Dithmenos.
  7776 | D:8      | Noticed a two-headed ogre
  7808 | D:8      | Killed a two-headed ogre
  8046 | D:8      | Reached skill level 8 in Summonings
  8168 | D:8      | Noticed a two-headed ogre
  8220 | D:8      | Killed a two-headed ogre
  8415 | D:8      | You fall through a shaft for 3 floors!
  8455 | D:11     | Found a labyrinth entrance.
  8464 | Lab      | Entered a labyrinth
  8498 | Lab      | Learned a level 4 spell: Summon Ice Beast
  8778 | Lab      | Reached skill level 5 in Invocations
  9028 | Lab      | Noticed a minotaur
  9055 | Lab      | Killed a minotaur
  9055 | Lab      | Reached ** piety under Sif Muna
  9055 | Lab      | Reached XP level 10. HP: 65/72 MP: 16/20
  9082 | Lab      | Identified the Volume of Changing
  9165 | D:10     | Entered Level 10 of the Dungeon
  9168 | D:10     | Slain by a yak

Vault maps used:
D:1:      minmay_arrival_doors
D:2:      first_bread, uniq_sigmund
D:3:      st_stairs_8
D:5:      serial_shops, nicolae_shop_competitors_out_of_business,
          portal_sewer_entry_f, led_sif_pool, uniq_grinder
D:6:      wad_guarded_room, nicolae_overflow_hidden_temple,
          kennysheep_slug_shrine, uniq_blork_the_orc
D:7:      eat_drink_and_be_merry_uskayaw, temple_statues, minmay_misc_feat_roman
D:8:      nicolae_dithmenos_shadow_blocks, grunt_lair_entry_orc_guard_hut
D:11:     erik_orc_3, lab_entry_generic
Lab:      labyrinth_spiral, nicolae_lab_plus, nicolae_lab_blocks
Sewer:    kennysheep_door_sewer

Skill      XL: |  1  2  3  4  5  6  7  8  9 |
---------------+----------------------------+-----
Fighting       | 1 2 3 4 |  4.7
Short Blades   | 1 2 3 4 |  4.7
Long Blades    | 1 2 3 4 |  4.7
Axes           | 1 2 3 4 |  4.7
Maces & Flails | 1 2 3 4 |  4.7
Polearms       | 1 2 3 4 |  4.7
Staves         | 1 2 3 4 |  4.7
Slings         | 1 2 3 4 |  4.7
Bows           | 1 2 3 4 |  4.7
Crossbows      | 1 2 3 4 |  4.7
Throwing       | 1 2 3 4 |  4.7
Armour         | 1 2 3 4 |  4.7
Shields        | 1 2 3 4 |  4.7
Unarmed Combat | 1 2 3 4 |  4.7
Spellcasting   | 5 6 7 |  7.0
Conjurations   | 1 2 3 |  3.9
Hexes          | 1 2 3 |  3.9
Charms         | 1 2 3 |  3.9
Necromancy     | 1 2 3 |  3.9
Translocations | 1 2 3 |  3.9
Transmutations | 1 2 3 |  3.9
Fire Magic     | 1 2 3 |  3.9
Ice Magic      | 1 2 3 |  3.9
Air Magic      | 1 2 3 |  3.9
Earth Magic    | 1 2 3 |  3.9
Poison Magic   | 1 2 3 |  3.9
Invocations    | 1 2 3 4 5 |  5.2
Evocations     | 1 2 3 4 |  4.7
Dodging        | 5 6 |  6.7
Stealth        | 5 6 |  6.4
Summonings     | 8 |  8.2

Action                   |  1- 3 |  4- 6 |  7- 9 | 10-12 || total
-------------------------+-------+-------+-------+-------++-------
Melee: Unarmed           |    23 |       |       |       ||    23
       Dagger            |    28 |    62 |       |       ||    90
       Bite              |     4 |    12 |    21 |       ||    37
       Punch             |       |     3 |     3 |       ||     6
       War axe           |       |    58 |   129 |       ||   187
       Spear             |       |       |   146 |       ||   146
       Staff             |       |       |     5 |       ||     5
 Cast: Summon Small Mamm |     7 |       |       |       ||     7
       Call Imp          |     5 |    19 |    60 |       ||    84
       Call Canine Famil |       |     7 |    41 |     1 ||    49
       Summon Ice Beast  |       |       |     4 |     3 ||     7
  Use: Scroll            |       |     4 |    11 |     6 ||    21
       Potion            |       |       |     1 |     1 ||     2
 Stab: Sleeping          |     2 |     6 |     9 |       ||    17
       Distracted        |       |     3 |     9 |       ||    12
  Eat: Chunk             |     1 |     7 |    16 |       ||    24
       Meat ration       |       |       |     1 |       ||     1
       Royal jelly       |       |       |     1 |       ||     1
Armor: Robe              |     6 |       |       |       ||     6
       Ring mail         |     3 |    12 |    14 |       ||    29
       Leather armour    |       |    15 |    34 |       ||    49
Dodge: Dodged            |    39 |    77 |   201 |     7 ||   324

Table legend:
 A = Spawn XP
 B = Non-spawn XP
 C = Spawn XP percentage of total XP
 D = Spawn monster count
 E = Non-spawn monster count
 F = Spawn count percentage of total count
 G = Total turns spent on level
                    A         B        C        D         E        F      G
               +---------+---------+-------+---------+---------+-------+---------
         Total |       0 |    4828 |   0.0 |       0 |     178 |   0.0 |  9168
               +---------+---------+-------+---------+---------+-------+---------
           D:1 |       0 |      21 |   0.0 |       0 |      12 |   0.0 |  1232
           D:2 |       0 |     139 |   0.0 |       0 |      18 |   0.0 |   841
           D:3 |       0 |     226 |   0.0 |       0 |      26 |   0.0 |  1055
           D:4 |       0 |     441 |   0.0 |       0 |      19 |   0.0 |   852
           D:5 |       0 |     523 |   0.0 |       0 |      29 |   0.0 |   908
           D:6 |       0 |     758 |   0.0 |       0 |      36 |   0.0 |  1273
           D:7 |       0 |     391 |   0.0 |       0 |      17 |   0.0 |   922
           D:8 |       0 |    1230 |   0.0 |       0 |       9 |   0.0 |   813
          D:11 |       0 |     125 |   0.0 |       0 |       2 |   0.0 |    76
           Lab |       0 |     834 |   0.0 |       0 |       4 |   0.0 |   674
         Sewer |       0 |     140 |   0.0 |       0 |       6 |   0.0 |   519
               +---------+---------+-------+---------+---------+-------+---------
